 Dungeon Crawl Stone Soup version 0.17-a0-917-gc6f4cb3 (webtiles) character file.

84 digdugdiggy the Ruffian (level 4, -2/39 HPs)
             Began as a Minotaur Monk on May 5, 2015.
             Was a Believer of Ashenzari.
             Slain by a worm (7 damage)
             ... on level 2 of the Dungeon.
             The game lasted 00:03:23 (1981 turns).

digdugdiggy the Ruffian (Minotaur Monk)             Turns: 1981, Time: 00:03:23

Health: -2/39      AC:  5    Str: 15    XL:     4   Next: 23%
Magic:  3/3        EV: 13    Int:  7    God:    Ashenzari [**....]
Gold:   133        SH:  0    Dex: 14    Spells: 0 memorised, 3 levels left

rFire  . . .     SeeInvis .     d - +3 whip (vamp)
rCold  + . .     Clarity  .     o - +2 leather armour {rC+} (curse)
rNeg   . . .     SustAb   .     (no shield)
rPois  .         Gourm    .     m - +0 hat (curse)
rElec  .         Spirit   .     (no cloak)
rCorr  .         Warding  .     (no gloves)
rMut   .         Stasis   .     (no boots)
MR     .....                    (no amulet)
Stlth  ++........               (no ring)
                                (no ring)

@: not resistant to hostile enchantments, unstealthy
A: retaliatory headbutt, horns 2
a: Scrying, Renounce Religion


You were on level 2 of the Dungeon.
You worshipped Ashenzari.
Ashenzari was pleased with you.
You were not hungry.

You visited 1 branch of the dungeon, and saw 2 of its levels.

You collected 133 gold pieces.

Inventory:

Hand weapons
 d - a +3 vampiric whip (weapon)
Armour
 m - a cursed +0 hat (worn)
 o - a cursed +2 leather armour of cold resistance (worn)
Scrolls
 c - a scroll of teleportation {unknown}
 l - a scroll of curse jewellery
 q - a scroll of identify
Potions
 a - a potion of magic {unknown}
 e - a potion of flight {unknown}
 f - a potion of haste {unknown}
 g - a potion of degeneration {unknown}
 h - 2 potions of ambrosia
 j - a potion of curing {unknown}
 n - 2 potions of might {unknown}
 p - a potion of invisibility {unknown}
Comestibles
 b - 2 bread rations
 i - 2 fruits
 k - a beef jerky
 r - a chunk of flesh


   Skills:
 - Level 3.6 Fighting
 + Level 4.0 Maces & Flails
 - Level 3.2 Dodging
 - Level 1.5 Stealth
 - Level 4.9 Unarmed Combat


You had 3 spell levels left.
You didn't know any spells.

Dungeon Overview and Level Annotations

Branches:
Dungeon (2/15)

Altars:
Ashenzari

Annotations:
D:2 Natasha


Innate Abilities, Weirdness & Mutations

You reflexively headbutt those who attack you in melee.
You have a pair of horns on your head.


Message History

The crimson imp is almost dead.
The crimson imp misses you. You furiously retaliate!
You headbutt the crimson imp, but do no damage.
Natasha claws you!
You hit the crimson imp.
You kill the crimson imp!
Natasha zaps a wand.
The magic dart hits you!
You are too injured to fight recklessly!
You barely miss the worm. The worm misses you.
You hit the worm. Your headbutt misses the worm.
The worm is lightly wounded.
Natasha casts a spell at you. The magic dart hits you!
* * * LOW HITPOINT WARNING * * *
You hit the worm but do no damage.
The worm is lightly wounded.
Natasha zaps a wand.
The magic dart hits you!
* * * LOW HITPOINT WARNING * * *
The worm bites you!
You die...

, ...........###...
#..........##.... * ,.
##..........#.....
#..,##...<..####.#.....
#.##.....####.._.....(
#........#....#.#.....
#.....>.#............
###..h....#.....##.....
#[..[.@.........##.....
#.###..w..<............
####.#)..####...... *
,* #.##....###..... , *
#.##.##.####.... **,
#.##.##..###....
*..##.###..##.###
.###.# ##.##.# .# #.##
#.##.##


You could see a worm and Natasha.

Vanquished Creatures
  A crimson imp (D:2)
  Natasha (twice) (D:2)
  An adder (D:2)
  An ooze (D:1)
  2 giant geckos (D:2)
  2 giant cockroaches
  6 goblins
  8 hobgoblins
  4 kobolds
  4 bats
  7 rats
  A plant (D:1)
39 creatures vanquished.

Notes
Turn   | Place    | Note
--------------------------------------------------------------
     0 | D:1      | digdugdiggy, the Minotaur Monk, began the quest for the Orb.
     0 | D:1      | Reached XP level 1. HP: 19/19 MP: 0/0
    58 | D:1      | Reached XP level 2. HP: 21/26 MP: 1/1
   353 | D:1      | Reached skill level 1 in Maces & Flails
   654 | D:1      | Reached XP level 3. HP: 21/31 MP: 2/2
  1126 | D:2      | Found a shattered altar of Ashenzari.
  1357 | D:2      | Became a worshipper of Ashenzari the Shackled
  1357 | D:2      | Acquired Ashenzari's first power
  1424 | D:2      | Noticed Natasha
  1435 | D:2      | Killed Natasha
  1435 | D:2      | Reached XP level 4. HP: 11/39 MP: 3/3
  1500 | D:2      | Noticed Natasha
  1540 | D:2      | Killed Natasha
  1969 | D:2      | Noticed Natasha
  1981 | D:2      | Slain by a worm

Action                   |  1- 3 |  4- 6 || total
-------------------------+-------+-------++-------
Melee: Unarmed           |   109 |     8 ||   117
       Whip              |       |    15 ||    15
  Use: Scroll            |     2 |     2 ||     4
  Eat: Chunk             |     2 |     1 ||     3
       Meat ration       |       |     1 ||     1
